 Dungeon Crawl Stone Soup version 0.30.1-9-gdf580d7c3d (webtiles) character file.

Game seed: 3278478183750055309

330 Ririxpj the Insei (level 6, 0/42 (44) HPs)
             Began as a Merfolk Transmuter on Oct 11, 2023.
             Slain by a quokka (4 damage)
             ... on level 5 of the Dungeon on Oct 12, 2023.
             The game lasted 00:48:12 (5420 turns).

Ririxpj the Insei (Merfolk Transmuter)              Turns: 5420, Time: 00:48:13

HP:   0/42 (44)     AC:  9    Str: 10    XL:     6   Next: 51%
MP:   18/18         EV:  6    Int: 15    God:
Gold: 151           SH:  0    Dex: 14    Spells: 8/9 levels left

rFire   . .          .
                       - Unarmed
rCold   . . .        (no shield)
rNeg    . . .        d - +0 chain mail
rPois   .            (no helmet)
rElec   .            (no cloak)
rCorr   .            A - +0 pair of gloves
SInv    .            (no boots)
Will    .....        (no amulet) Stlth
                     u - ring of magical power
HPRegen 0.27/turn    (no ring)
MPRegen 0.16/turn

%: no passive effects
@: mighty, lightly drained
A: (nimble swimmer 2), mertail
a: no special abilities


You were on level 5 of the Dungeon.
You visited 1 branch of the dungeon, and saw 5 of its levels.

You collected 197 gold pieces.
You spent 46 gold pieces at shops.

Inventory:

Hand Weapons
 a - the +2 mace "Gearomp" {venom, SInv Stlth+}
   (You found it on level 2 of the Dungeon)

   SInv:      It lets you see invisible.
   Stlth:     It makes you more stealthy.
 b - a +0 dagger
 e - a +0 falchion
 f - a +0 mace
 g - a +0 war axe
 j - a +0 spear
 l - a +0 dagger
 m - a +0 sling
 s - a +0 dagger
 t - a +0 club
 v - a +0 arbalest
 w - a +0 dagger
 B - a +0 whip
 C - a +1 rapier of venom
 D - a +2 whip of electrocution
 E - a +0 dagger
 F - a +0 vampiric war axe
 H - a +0 dagger
 L - a +0 dagger
 N - a +0 dagger
 O - a +0 club
 Q - a +0 dagger
 R - a +0 short sword
 U - a +0 dagger
 W - a +0 club
 X - a +0 club
Missiles
 c - 28 stones
 h - 14 poisoned darts
Armour
 d - a +0 chain mail (worn)
 i - a +0 scale mail
 n - a +0 leather armour
 q - a +0 leather armour
 y - a +0 ring mail
 A - a +0 pair of gloves (worn)
 I - a +0 leather armour
 K - a +0 leather armour
 M - a +0 cloak
 S - a +0 robe
 V - a +0 robe
 Z - a +0 leather armour
Magical Staves
 T - a staff of fire
Jewellery
 u - a ring of magical power (left hand)
Wands
 x - a wand of iceblast (16)
 G - a wand of charming (4)
 J - a wand of digging (3)
Scrolls
 k - 3 scrolls of torment
 p - a scroll of fog
 r - a scroll of noise
 Y - a scroll of blinking
Potions
 o - 3 potions of attraction


   Skills:
 + Level 1.7 Fighting
 + Level 2.1 Armour
 + Level 3.5 Dodging
 + Level 0.5 Stealth
 + Level 6.1 Unarmed Combat
 + Level 2.2 Spellcasting
 + Level 3.0 Transmutations


You had 8 spell levels left.
You knew the following spells:

 Your Spells              Type           Power      Damage    Failure   Level
a - Beastly Appendage     Tmut           20%        N/A       95%         1

Your spell library contained the following spells:

 Spells                   Type           Power      Damage    Failure   Level
 Wereblood                Tmut           10%        N/A       98%         2
 Spider Form              Tmut/Pois      6%         N/A       100%        3
 Ice Form                 Ice/Tmut       6%         N/A       100%        4


Dungeon Overview and Level Annotations

Branches:
Dungeon (5/15)
 Temple: D:4-7

Altars:
Hepliaklqana
Makhleb

Shops:
D:2 *:   D:4 =


Innate Abilities, Weirdness & Mutations

((You are very nimble when in or above water. (Stealth+, EV+, Speed+++)))
Your lower body shifts to a powerful aquatic tail in water.


Message History

The gnoll bouda barks out a call to the hunt!
The gnolls pick up the pace!
You hit the gnoll.
The gnoll is lightly wounded.
The gnoll is no longer moving quickly.
The quokka twitches its whiskers.
The gnoll hits you with a +0 club. The gnoll barely misses you.
The gnoll hits you with a +0 club.
You closely miss the gnoll.
The gnoll is lightly wounded.
The quokka completely misses you.
The gnoll bouda barks out a call to the hunt!
The gnoll picks up the pace!
The gnoll hits you with a +0 club.
The gnoll hits you from afar with a +0 spear.
* * * LOW HITPOINT WARNING * * *
The gnoll hits you but does no damage. The quokka barely misses you.
You hit the gnoll.
The gnoll is moderately wounded.
The gnoll barely misses you. The gnoll closely misses you.
The quokka closely misses you. The gnoll hits you but does no damage.
You hit the gnoll.
The gnoll is moderately wounded.
The gnoll hits you with a +0 club.
* * * LOW HITPOINT WARNING * * *
The gnoll hits you from afar with a +0 spear.
* * * LOW HITPOINT WARNING * * *
The quokka bites you but does no damage.
You feel very mighty all of a sudden. The gnoll hits you with a +0 club.
* * * LOW HITPOINT WARNING * * *
The gnoll bouda hits you with a +0 whip.
* * * LOW HITPOINT WARNING * * *
The quokka barely misses you.
The gnoll hits you but does no damage. x2
You punch the gnoll!
You kill the gnoll!
The quokka bites you but does no damage.
The gnoll hits you but does no damage.
You closely miss the gnoll bouda. The quokka bites you.
You die...

## #.##### ##..#..###
#.##........##
##..#.....g...##
#..<##..g.@##..#
#...#....rg...#
#####.......o....##
###...##...........#
#.....##...........#
#...#..#..............
#..##................#
##<##.............##..#
....#...........### #..


You could see a gnoll bouda, an orc priest, 2 gnolls and a quokka.

Vanquished Creatures
  A black bear (D:4)
  A hound (D:4)
  A sleepcap (D:4)
  2 orc wizards (D:4)
  Ijyb (D:4)
  A gnoll (D:5)
  3 adders
  A dart slug (D:2)
  3 orcs (D:4)
  5 ball pythons
  A bat (D:2)
  5 endoplasms
  2 giant cockroaches
  7 goblins
  11 hobgoblins
  3 jackals (D:2)
  8 kobolds
  3 quokkas
  4 frilled lizards
  5 rats
  A spectral kobold (D:4)
69 creatures vanquished.

Notes
Turn   | Place    | Note
-------+----------+-------------------------------------------
     0 | D:1      | Ririxpj the Merfolk Transmuter began the quest for the Orb.
     0 | D:1      | Reached XP level 1. HP: 15/15 MP: 3/3
   363 | D:1      | Reached XP level 2. HP: 21/21 MP: 5/5
  1028 | D:1      | Reached XP level 3. HP: 26/26 MP: 6/6
  1312 | D:2      | Found Ryklurgh's Assorted Antiques.
  1320 | D:2      | Bought a scroll labelled LEAGIALE OZXEJE for 23 gold pieces
  1320 | D:2      | Bought a scroll labelled CAARUE MAMI for 23 gold pieces
  1402 | D:2      | Reached skill level 4 in Unarmed Combat
  1409 | D:2      | Identified the +2 mace "Gearomp" {venom, SInv Stlth+}
  1639 | D:2      | Found Hotoris's Vocational Training.
  3173 | D:3      | Reached XP level 4. HP: 24/32 MP: 7/7
  3301 | D:3      | Found a burning altar of Makhleb.
  3774 | D:4      | Reached skill level 1 in Armour
  3785 | D:4      | Found Pomit's Jewellery Emporium.
  4137 | D:4      | Noticed Ijyb
  4183 | D:4      | Killed Ijyb
  4184 | D:4      | Reached XP level 5. HP: 23/37 MP: 8/8
  4538 | D:4      | Reached skill level 5 in Unarmed Combat
  4661 | D:4      | Noticed a black bear
  4666 | D:4      | Reached XP level 6. HP: 35/43 MP: 9/9
  4681 | D:4      | Killed a black bear
  4682 | D:4      | Reached skill level 6 in Unarmed Combat
  4865 | D:4      | Found a hazy altar of Hepliaklqana.
  5379 | D:5      | Entered Level 5 of the Dungeon
  5420 | D:5      | Slain by a quokka

Illustrated notes

Levels and vault maps discovered:
D:1:      ebering_trefoil_3fold, layout_loops_corners
D:2:      layout_loops_ring, serial_shops, shop, nicolae_shop_vocational
D:3:      layout_basic, lemuel_tele_altar, serial_co_window_serial,
          co_window_of_opportunity_a, co_window_cross_1, co_window_corner_a,
          co_window_corner_a, co_window_paths_a, co_window_paths_a,
          co_window_paths_a, co_window_of_opportunity_c,
          co_window_unsneaky_path_d, co_window_2corner,
          co_window_unsneaky_path_d, co_window_2corner, glass_columns_c,
          glass_columns_a, glass_columns_b
D:4:      layout_loops_ring, nicolae_hepliaklqana_monster_ancestors,
          minivault_5, minmay_shop_enchanted_jewellery,
          kennysheep_generic_room_7, uniq_ijyb
D:5:      layout_cave_pools, minmay_temple_entry_butterflies,
          gammafunk_ghost_gnarly_gnolls, uniq_blork_the_orc

Skill      XL: |  1  2  3  4  5  6 |
---------------+-------------------+-----
Transmutations | 3 |  3.0
Dodging        | 3 |  3.5
Unarmed Combat | 4 5 6 |  6.1
Armour         | 1 2 |  2.1
Fighting       | |  1.7
Stealth        | |  0.5
Spellcasting   | |  2.2

Action                     |  1- 3 |  4- 6 || total
---------------------------+-------+-------++-------
  Melee: Unarmed           |   170 |   172 ||   342
         Punch             |     2 |     3 ||     5
    Use: Scroll            |    12 |     5 ||    17
         Potion            |     2 |     2 ||     4
 Armour: Chain mail        |   108 |   141 ||   249
         Robe              |     1 |       ||     1
  Dodge: Dodged            |    37 |    72 ||   109
